 Dungeon Crawl Stone Soup version 0.21-a0-450-gd87a9b2 (webtiles) character file.

573 slep the Slasher (level 7, 0/54 HPs)
             Began as a Demonspawn Monk on Nov 19, 2017.
             Killed by divine providence
             ... invoked by an orc priest
              (14 damage)
             ... on level 4 of the Dungeon.
             The game lasted 00:18:20 (3611 turns).

slep the Slasher (Demonspawn Monk)                  Turns: 3611, Time: 00:18:21

Health: 0/54       AC:  8    Str: 13    XL:     7   Next: 12%
Magic:  7/7        EV: 15    Int: 11    God:
Gold:   212        SH:  4    Dex: 16    Spells: 6/6 levels left

rFire    . . .     SeeInvis .   a - +0 falchion
rCold    . . .     Gourm    .   m - +0 buckler
rNeg     . . .     Faith    .   w - +0 ring mail (curse)
rPois    .         Spirit   .   (helmet restricted)
rElec    .         Reflect  .   (no cloak)
rCorr    .         Harm     .   g - +0 pair of gloves
MR       .....                  (no boots)
Stlth    ++........             (no amulet)
HPRegen  0.18/turn              l - +3 ring of evasion
MPRegen  0.10/turn              (no ring)

@: no status effects
A: antennae 2, slimy green scales 1, demonic guardian 1, powered by death 1
a: no special abilities


You were on level 4 of the Dungeon.
You were hungry.

You visited 1 branch of the dungeon, and saw 4 of its levels.

You collected 212 gold pieces.

Inventory:

Hand Weapons
 a - a +0 falchion (weapon)
 e - a +0 antimagic dagger
 v - a +1 spear of flaming
Missiles
 C - 3 tomahawks (quivered)
Armour
 b - a +0 robe
 d - a +0 scale mail
 g - a +0 pair of gloves (worn)
 m - a +0 buckler (worn)
 w - a cursed +0 ring mail (worn)
Jewellery
 l - a +3 ring of evasion (left hand)
Scrolls
 j - 4 scrolls of identify {unknown}
 k - 3 scrolls of teleportation {unknown}
 o - 2 scrolls of recharging {unknown}
 p - a scroll of amnesia {unknown}
 q - a scroll of fog {unknown}
 x - a scroll of blinking {unknown}
 z - a scroll of enchant weapon {unknown}
 A - a scroll of enchant armour {unknown}
Potions
 f - 2 potions of curing
 n - 2 potions of flight
 r - a potion of agility {unknown}
 s - 2 potions of berserk rage {unknown}
 t - a potion of ambrosia {unknown}
 u - a potion of brilliance {unknown}
Comestibles
 c - 3 bread rations
 h - 3 meat rations
 i - a royal jelly
 B - 2 chunks of flesh


   Skills:
 + Level 4.2 Fighting
 + Level 5.4 Long Blades
 + Level 2.7 Armour
 + Level 3.6 Dodging
 + Level 2.4 Stealth
 + Level 0.6 Shields


You had 6 spell levels left.
You didn't know any spells.

Dungeon Overview and Level Annotations

Branches:
Dungeon (4/15)
 Temple: D:4-7

Altars:
Ashenzari
Nemelex Xobeh

Shops:
D:4 *

Annotations:
D:3 2 transporters


Innate Abilities, Weirdness & Mutations

You have a pair of antennae on your head.
You are partially covered in slimy green scales. (AC +2)
A weak demonic guardian rushes to your aid.
You regenerate a little health from kills.


Message History

The net rips apart, and the orc priest comes free!
You closely miss something.
You hear some strange, mumbled words.
A puff of flame appears from out of thin air!
The puff of flame misses you.
The orc throws a stone.
The stone hits you but does no damage.
You hit something. Something hits you but does no damage.
The orc throws a stone.
You block the stone. Something hits you.
* * * LOW HITPOINT WARNING * * *
You hit something.
The orc throws a stone.
The stone hits you but does no damage. Something hits you but does no damage.
You miss something.
The orc throws a stone.
The stone barely misses you.
You hear some strange, mumbled words.
A magic dart appears from out of thin air!
The magic dart hits you!
* * * LOW HITPOINT WARNING * * *
You hit something but do no damage.
The orc priest invokes the aid of Beogh against you.
Beogh smites you!
You die...

#.# #.........# #.#
#.........# #.#
#.........# #.#
#.........# #.#
##.....#### #.#
#....... #.# .......
#.#####.......
#.#@)oo(......
#.#{###(...... #.#.#
.....## #.#.# .....#
########.#.# .....#
#........#.# .......
##.#######.####......
#.#.................
#.#.#####.#######


You could see an orc priest and an orc.

Vanquished Creatures
  The ghost of MetaJoker the Poker, an amateur DrSk (D:3)
  An orc wizard (D:3)
  Jessica (D:2)
  A bullfrog skeleton (D:4)
  Terence (D:2)
  An iguana (D:4)
  5 worker ants (D:4)
  Robin (D:2)
  7 gnolls
  An adder (D:2)
  2 adder skeletons (D:4)
  A worm (D:4)
  A leopard gecko (D:3)
  7 orcs
  2 bats
  3 giant cockroaches
  15 goblins
  11 hobgoblins
  2 jackals (D:3)
  7 kobolds
  A quokka (D:2)
  A ball python (D:3)
  5 frilled lizards
  8 rats
86 creatures vanquished.

Vanquished Creatures (collateral kills)
  An orc wizard (D:4)
1 creature vanquished.

Grand Total: 87 creatures vanquished

Notes
Turn   | Place    | Note
-------+----------+-------------------------------------------
     0 | D:1      | slep the Demonspawn Monk began the quest for the Orb.
     0 | D:1      | Reached XP level 1. HP: 18/18 MP: 1/1
   333 | D:1      | Gained mutation: You are partially covered in slimy green scales. (AC +2) [demonic ancestry]
   333 | D:1      | Reached XP level 2. HP: 14/24 MP: 2/2
   796 | D:2      | Reached skill level 3 in Long Blades
   796 | D:2      | Gained mutation: You regenerate a little health from kills. [demonic ancestry]
   796 | D:2      | Reached XP level 3. HP: 24/29 MP: 3/3
   950 | D:2      | Noticed Terence
   955 | D:2      | Killed Terence
   990 | D:2      | Noticed Jessica
   991 | D:2      | Found a shattered altar of Ashenzari.
  1007 | D:2      | Killed Jessica
  1007 | D:2      | Gained mutation: You have a pair of small antennae on your head. [demonic ancestry]
  1007 | D:2      | Reached XP level 4. HP: 17/37 MP: 4/4
  1023 | D:2      | Noticed Robin
  1084 | D:2      | Killed Robin
  1591 | D:3      | Reached skill level 4 in Long Blades
  1639 | D:3      | Found a sparkling altar of Nemelex Xobeh.
  1731 | D:3      | Reached skill level 1 in Armour
  1760 | D:3      | Found a transporter.
  1768 | D:3      | Found a transporter.
  1869 | D:3      | Noticed MetaJoker's ghost (amateur DrSk)
  1881 | D:3      | Killed MetaJoker's ghost
  1881 | D:3      | Reached XP level 5. HP: 26/42 MP: 5/5
  1881 | D:3      | Gained mutation: A weak demonic guardian rushes to your aid. [demonic ancestry]
  1881 | D:3      | Reached XP level 6. HP: 29/48 MP: 6/6
  2529 | D:4      | Found Bebiseciu's Bounteous Boutique.
  2791 | D:4      | Reached skill level 5 in Long Blades
  2993 | D:4      | Gained mutation: You have a pair of antennae on your head. [demonic ancestry]
  2993 | D:4      | Reached XP level 7. HP: 8/54 MP: 7/7
  3611 | D:4      | Killed from afar by an orc priest

Vault maps used:
D:1:      onia_arrival_pentagram
D:2:      ashenzari_altar_1, uniq_robin, uniq_jessica, uniq_terence
D:3:      gammafunk_steamed_eel, nemelex_xobeh_ov_fountains_minmay, first_bread
D:4:      nicolae_alphabet_shops

Skill      XL: |  1  2  3  4  5  6 |
---------------+-------------------+-----
Stealth        | 2 |  2.4
Long Blades    | 3 4 5 |  5.4
Dodging        | 3 |  3.6
Armour         | 2 |  2.7
Fighting       | 4 |  4.2
Shields        | |  0.6

Action                   |  1- 3 |  4- 6 |  7- 9 || total
-------------------------+-------+-------+-------++-------
Melee: Falchion          |    97 |   234 |    52 ||   383
Throw: Throwing net      |       |       |     2 ||     2
       Tomahawk          |       |       |     1 ||     1
  Use: Potion            |     3 |     1 |       ||     4
  Eat: Chunk             |       |     7 |     2 ||     9
Armor: Scale mail        |    34 |    71 |       ||   105
       Ring mail         |       |    17 |     9 ||    26
Dodge: Dodged            |    48 |   165 |    41 ||   254
Block: Buckler           |       |    33 |     8 ||    41
       Rpst.: Falchion   |    19 |    70 |     8 ||    97

Table legend:
 A = Spawn XP
 B = Non-spawn XP
 C = Spawn XP percentage of total XP
 D = Spawn monster count
 E = Non-spawn monster count
 F = Spawn count percentage of total count
 G = Total turns spent on level
                    A         B        C        D         E        F      G
               +---------+---------+-------+---------+---------+-------+---------
         Total |       0 |     819 |   0.0 |       0 |      87 |   0.0 |  3611
               +---------+---------+-------+---------+---------+-------+---------
           D:1 |       0 |      32 |   0.0 |       0 |      21 |   0.0 |   781
           D:2 |       0 |     136 |   0.0 |       0 |      25 |   0.0 |   789
           D:3 |       0 |     306 |   0.0 |       0 |      23 |   0.0 |   943
           D:4 |       0 |     345 |   0.0 |       0 |      18 |   0.0 |  1098
               +---------+---------+-------+---------+---------+-------+---------
